 Dungeon Crawl Stone Soup version 0.28.0-45-g0d030f2227 (webtiles) character file.

Game seed: 133691964363958193

154 MisterFreud the Covert (level 5, 0/42 HPs)
             Began as a Gnoll Delver on May 27, 2022.
             Was a Follower of Hepliaklqana.
             Killed from afar by a white imp (10 damage)
             ... with a puff of frost
             ... on level 6 of the Dungeon.
             The game lasted 00:02:07 (1363 turns).

MisterFreud the Covert (Gnoll Delver)               Turns: 1363, Time: 00:02:08

Health: 0/42       AC:  3    Str: 12    XL:     5   Next: 36%
Magic:  7/7        EV: 13    Int: 11    God:    Hepliaklqana [*.....]
Gold:   70         SH:  0    Dex: 13    Spells: 6/6 levels left

rFire   . . .      SeeInvis .   a - +0 short sword
rCold   . . .      Faith    .   (no shield)
rNeg    . . .      Spirit   .   b - +0 leather armour
rPois   .          Reflect  .   (no helmet)
rElec   .          Harm     .   (no cloak)
rCorr   .          Rampage  .   (no gloves)
Will    .....                   (no boots)
Stlth   ++++......              (no amulet)
HPRegen 0.14/turn               (no ring)
MPRegen 0.10/turn               (no ring)

@: no status effects
A: reduced essence, fangs 1, strong nose, distributed training
a: Renounce Religion, Recall Ancestor, Ancestor Identity


You were on level 6 of the Dungeon.
You worshipped Hepliaklqana.
Hepliaklqana was aware of your devotion.
You visited 2 branches of the dungeon, and saw 4 of its levels.

You collected 70 gold pieces.

Inventory:

Hand Weapons
 a - a +0 short sword (weapon)
 i - a +0 hand axe of flaming
Armour
 b - a +0 leather armour (worn)
Wands
 g - a wand of digging (3)
Scrolls
 c - a scroll of fog
 d - a scroll of magic mapping
 e - a scroll of fear
 h - 2 scrolls of vulnerability {unknown}
Potions
 f - a potion of haste


   Skills:
 + Level 6.7 Fighting
 + Level 4.8 Short Blades
 + Level 1.4 Long Blades
 + Level 1.4 Axes
 + Level 1.4 Maces & Flails
 + Level 1.4 Polearms
 + Level 1.4 Staves
 + Level 1.4 Slings
 + Level 1.4 Bows
 + Level 1.4 Crossbows
 + Level 1.4 Throwing
 + Level 1.4 Armour
 + Level 4.8 Dodging
 + Level 9.7 Stealth
 + Level 1.4 Shields
 + Level 1.4 Unarmed Combat
 + Level 1.4 Spellcasting
 + Level 1.1 Conjurations
 + Level 1.1 Hexes
 + Level 1.1 Summonings
 + Level 1.1 Necromancy
 + Level 1.1 Translocations
 + Level 1.1 Transmutations
 + Level 1.1 Fire Magic
 + Level 1.1 Ice Magic
 + Level 1.1 Air Magic
 + Level 1.1 Earth Magic
 + Level 1.1 Poison Magic
 + Level 1.6 Invocations
 + Level 1.4 Evocations


You had 6 spell levels left.
You didn't know any spells.
Your spell library was empty.

Dungeon Overview and Level Annotations

Branches:
Dungeon (6/15)             Temple (1/1) D:5

Altars:
Hepliaklqana
Makhleb
Okawaru
Xom
Zin


Innate Abilities, Weirdness & Mutations

Your life essence is reduced to manifest your ancestor. (-10% HP)
You have very sharp teeth.
Your uncanny sense of smell can sniff out nearby items.
Your experience applies equally to all skills.


Message History

The iguana is heavily wounded.
Arsinoe misses the iguana.
The iguana bites you!
* * * LOW HITPOINT WARNING * * *
Arsinoe barely misses the iguana.
Arsinoe hits the iguana.
There is a stone staircase leading down here.
The bullfrog zombie hits you but does no damage.
The bullfrog zombie barely misses you. The bullfrog zombie closely misses you.
There is a stone staircase leading down here.
The bullfrog zombie closely misses you.
You climb downwards.
Found 19 gold pieces.
Found a stone staircase leading down.
There is a stone staircase leading up here.
You start resting.
HP restored.
You now have 70 gold pieces (gained 19).
Found 11 sling bullets.
A scorpion comes into view.
The helpless scorpion fails to defend itself.
You impale the scorpion!!
You kill the scorpion!
You have reached level 5!
Magic restored.
A white imp comes into view.
The white imp gestures at you. The puff of frost hits you!
A sky beast comes into view.
You hit the white imp but do no damage. The white imp barely misses you.
The white imp gestures at you. The puff of frost hits you!
The white imp gestures at you. The puff of frost hits you!
The white imp gestures at you. The puff of frost hits you!
* * * LOW HITPOINT WARNING * * *
There is a stone staircase leading down here.
The white imp gestures at you. The puff of frost hits you!
You die...

.. #.....
######## ∆
...∆.....
##...#..##
....#....
#........#
#...#....
###.<#..##
##.......
###....#
#........
##...##
#........
##..@..#
.......<.
#...#.....#
...#.....
##..##.#..#
#.....
#...###..#
####..
#.5..##...
#o.
##.........
..o.
#...(......
##...
#.....####.
∆ #..o.
##.##....#
##.#.


You could see a white imp.

Vanquished Creatures
  A scorpion (D:6)
  A hound (D:5)
  An iguana (D:5)
  A hound skeleton (D:5)
  A gnoll (D:5)
  An adder (D:5)
  A dart slug (D:5)
  2 orcs (D:5)
  A quokka (D:5)
10 creatures vanquished.

Vanquished Creatures (collateral kills)
  A goblin (D:4)
1 creature vanquished.

Vanquished Creatures (others)
  2 ancestors (D:4)
2 creatures vanquished.

Grand Total: 13 creatures vanquished

Notes
Turn   | Place    | Note
-------+----------+-------------------------------------------
     0 | D:5      | Reached skill level 9 in Stealth
     0 | D:5      | MisterFreud the Gnoll Delver began the quest for the Orb.
     0 | D:5      | Reached XP level 1. HP: 23/23 MP: 1/1
     2 | D:6      | Noticed a jelly
    27 | D:5      | Reached XP level 2. HP: 16/29 MP: 2/2
   237 | D:5      | Found a faded altar of an unknown god.
   239 | D:5      | Found a staircase to the Ecumenical Temple.
   246 | Temple   | Entered the Ecumenical Temple
   341 | D:5      | Prayed at the altar of an unknown god.
   341 | D:5      | Became a worshipper of Hepliaklqana the Forgotten
   341 | D:5      | Reached * piety under Hepliaklqana
   401 | D:5      | Reached XP level 3. HP: 7/31 MP: 3/3
   918 | D:5      | Reached skill level 1 in Long Blades
   918 | D:5      | Reached skill level 1 in Axes
   918 | D:5      | Reached skill level 1 in Maces & Flails
   918 | D:5      | Reached skill level 1 in Polearms
   918 | D:5      | Reached skill level 1 in Staves
   918 | D:5      | Reached skill level 1 in Slings
   918 | D:5      | Reached skill level 1 in Bows
   918 | D:5      | Reached skill level 1 in Crossbows
   918 | D:5      | Reached skill level 1 in Throwing
   918 | D:5      | Reached skill level 1 in Armour
   918 | D:5      | Reached skill level 1 in Shields
   918 | D:5      | Reached skill level 1 in Unarmed Combat
   918 | D:5      | Reached skill level 1 in Spellcasting
   918 | D:5      | Reached skill level 1 in Invocations
   918 | D:5      | Reached skill level 1 in Evocations
   918 | D:5      | Reached XP level 4. HP: 21/36 MP: 5/5
  1052 | D:5      | Reached skill level 1 in Conjurations
  1052 | D:5      | Reached skill level 1 in Hexes
  1052 | D:5      | Reached skill level 1 in Summonings
  1052 | D:5      | Reached skill level 1 in Necromancy
  1052 | D:5      | Reached skill level 1 in Translocations
  1052 | D:5      | Reached skill level 1 in Transmutations
  1052 | D:5      | Reached skill level 1 in Fire Magic
  1052 | D:5      | Reached skill level 1 in Ice Magic
  1052 | D:5      | Reached skill level 1 in Air Magic
  1052 | D:5      | Reached skill level 1 in Earth Magic
  1052 | D:5      | Reached skill level 1 in Poison Magic
  1320 | D:6      | Noticed a scorpion
  1327 | D:6      | Killed a scorpion
  1328 | D:6      | Reached XP level 5. HP: 42/42 MP: 5/7
  1350 | D:6      | Noticed a sky beast
  1363 | D:6      | Killed from afar by a white imp

Illustrated notes

Levels and vault maps discovered:
D:4:      layout_layer_cave, kennysheep_orc_sif_temple,
          hangedman_decor_clover_reticule, minivault_19,
          hangedman_minor_gate_pass
D:5:      layout_basic, nicolae_overflow_crystal_walls,
          nicolae_temple_entry_ecumenical, minmay_crystal_room, minmay_bent
D:6:      layout_cave_pools
Temple:   mainiacjoe_temple_big_plus

Skill      XL: |  1  2  3  4 |
---------------+-------------+-----
Stealth        | |  9.7
Long Blades    | 1 |  1.4
Axes           | 1 |  1.4
Maces & Flails | 1 |  1.4
Polearms       | 1 |  1.4
Staves         | 1 |  1.4
Slings         | 1 |  1.4
Bows           | 1 |  1.4
Crossbows      | 1 |  1.4
Throwing       | 1 |  1.4
Armour         | 1 |  1.4
Shields        | 1 |  1.4
Unarmed Combat | 1 |  1.4
Spellcasting   | 1 |  1.4
Invocations    | 1 |  1.6
Evocations     | 1 |  1.4
Conjurations   | 1 |  1.1
Hexes          | 1 |  1.1
Summonings     | 1 |  1.1
Necromancy     | 1 |  1.1
Translocations | 1 |  1.1
Transmutations | 1 |  1.1
Fire Magic     | 1 |  1.1
Ice Magic      | 1 |  1.1
Air Magic      | 1 |  1.1
Earth Magic    | 1 |  1.1
Poison Magic   | 1 |  1.1
Fighting       | |  6.7
Short Blades   | |  4.8
Dodging        | |  4.8

Action                   |  1- 3 |  4- 6 || total
-------------------------+-------+-------++-------
Melee: Short sword       |    45 |    22 ||    67
       Bite              |     2 |     1 ||     3
       Punch             |       |     2 ||     2
 Stab: Sleeping          |       |     2 ||     2
Armor: Leather armour    |     9 |     2 ||    11
Dodge: Dodged            |    25 |    13 ||    38
